 Dungeon Sprint DCSS version 0.27-a0-1090-gb115f176c6 (webtiles) character file.

Game seed: 10168466625437015831

716 HendSelp the Imperceptible (level 7, 0/55 HPs)
             Began as a Naga Enchanter on Apr 27, 2021.
             Was a High Priest of Dithmenos.
             Slain by a scorpion (2 damage)
             ... while petrified by a basilisk
             ... in the Dungeon (Sprint VII: "The Pits").
             The game lasted 00:02:42 (662 turns).

HendSelp the Imperceptible (Naga Enchanter)          Turns: 662, Time: 00:02:42

Health: 0/55       AC:  3    Str: 10    XL:     7   Next: 69%
Magic:  10/10      EV:  1    Int: 16    God:    Dithmenos [*****.]
Gold:   0          SH:  0    Dex: 13    Spells: 7/10 levels left

rFire    . . .     SeeInvis +   l - +2 dagger (elec)
rCold    . . .     Faith    .   (no shield)
rNeg     + + +     Spirit   .   b - +0 robe
rPois    ∞         Reflect  .   (no helmet)
rElec    .         Harm     .   (no cloak)
rCorr    .         Rampage  .   (no gloves)
Will     .....     NoTele   +   (no barding) Stlth ***+++++++
                                (no amulet)
HPRegen  0.18/turn              (no ring)
MPRegen  0.12/turn              (no ring)

@: petrified, wreathed by umbra, very slow
A: AC +2, large, see invisible, deformed body, poison resistance, slowness 2,
spit poison 1, naga tail 1
a: Spit Poison, Renounce Religion, Shadow Step, Shadow Form


You were in the Dungeon.
You worshipped Dithmenos.
Dithmenos was extremely pleased with you.
You visited 1 branch

Inventory:

Hand Weapons
 l - a +2 dagger of electrocution (weapon)
Armour
 b - a +0 robe (worn)
Scrolls
 i - a scroll of blinking
 j - 5 scrolls of amnesia
Potions
 a - 2 potions of invisibility
 d - 6 potions of curing
 e - 5 potions of heal wounds
 f - a potion of haste
 g - 4 potions of magic
 h - 3 potions of berserk rage


   Skills:
 - Level 1.0 Short Blades
 - Level 1.5 Dodging
 + Level 22.3 Stealth
 - Level 2.0 Spellcasting
 - Level 3.0 Hexes


You had 7 spell levels left.
You knew the following spells:

 Your Spells              Type           Power      Damage    Failure   Level
a - Corona                Hex            12%        N/A       6%          1
b - Ensorcelled Hibernat  Hex/Ice        12%        N/A       17%         2

Your spell library contained the following spells:

 Spells                   Type           Power      Damage    Failure   Level
 Confusing Touch          Hex            11%        N/A       19%         3
 Tukima's Dance           Hex            11%        N/A       19%         3
 Dazzling Flash           Conj/Hex       12%        N/A       32%         3


Dungeon Overview and Level Annotations

Branches:
Dungeon (1/1)

Altars:
Ashenzari
Cheibriados
Dithmenos
Elyvilon
Fedhas
Gozag
Hepliaklqana
Kikubaaqudgha
Makhleb
Nemelex Xobeh
Okawaru
Qazlal
Ru
Sif Muna
Trog
Uskayaw
Vehumet
Wu Jian
Xom
Yredelemnul
Zin
The Shining One
Beogh
Jiyva
Lugonu


Innate Abilities, Weirdness & Mutations

Your serpentine skin is tough. (AC +2)
You have supernaturally acute eyesight. (SInv)
Armour fits poorly on your strangely shaped body.
Your system is resistant to poisons. (rPois)
You cover ground very slowly.
You can spit poison.
You have a snake-like lower body.


Message History

Things that are here:
a +0 spear; a gnoll corpse
There is an open door, spattered with blood here.
You open the door.
A basilisk, a wolf and a scorpion come into view.
Unknown command.
There is an open door here.
The basilisk hisses angrily.
The basilisk gazes at you.
You are slowing down.
The scorpion stings you. The basilisk bites you! The scorpion stings you.
The basilisk gazes at you.
Your limbs have turned to stone.
You have turned to stone.
The scorpion stings you. The basilisk gazes at you.
You resist with some effort. The scorpion stings you! The basilisk bites you.
The scorpion stings you. x2
The basilisk gazes at you.
The wolf howls!
The scorpion stings you!
The basilisk bites you but does no damage.
The wolf bites you. The scorpion stings you. The wolf bites you.
The basilisk gazes at you. The wolf bites you. The scorpion stings you.
The wolf bites you!
* * * LOW HITPOINT WARNING * * *
The basilisk bites you!
* * * LOW HITPOINT WARNING * * *
The scorpion stings you!
* * * LOW HITPOINT WARNING * * *
The wolf bites you. The basilisk bites you.
* * * LOW HITPOINT WARNING * * *
The scorpion stings you.
* * * LOW HITPOINT WARNING * * *
The wolf bites you.
* * * LOW HITPOINT WARNING * * *
The wolf bites you.
* * * LOW HITPOINT WARNING * * *
The scorpion stings you.
You die...

#.#.....#'###...<...#
#.#........##.......#
#)#........##.......#
#'###########.......#
#)).....#))##########
#..#)#..#)######
#.##.##.#)#....#
#.......#'#.h..#
#.##.##.#.'@s..+
#..#.#..#'#.l..#
#.......'.#....#
################


You could see a basilisk, a wolf and a scorpion.

Vanquished Creatures
  A snapping turtle (D)
  A floating eye (D)
  An ogre (D)
  A gnoll sergeant (D)
  A bullfrog (D)
  A quasit (D)
  A jelly (D)
  An orc priest (D)
  An orc wizard (D)
  4 gnolls (D)
  An ufetubus (D)
  An orc (D)
  2 kobolds (D)
  A ball python (D)
  A ball python skeleton (D)
  2 bats (D)
21 creatures vanquished.

Vanquished Creatures (collateral kills)
  An ice beast (D)
  An orc (D)
  A kobold (D)
3 creatures vanquished.

Grand Total: 24 creatures vanquished

Notes
Turn   | Place    | Note
-------+----------+-------------------------------------------
     0 | D        | HendSelp the Naga Enchanter began the quest for the Orb.
     0 | D        | Reached XP level 1. HP: 15/15 MP: 3/3
    15 | D        | Reached skill level 5 in Stealth
    18 | D        | Found a bloodstained altar of Trog.
    18 | D        | Found a shimmering blue altar of Sif Muna.
    18 | D        | Found a viscous altar of Jiyva.
    18 | D        | Found a hazy altar of Hepliaklqana.
    18 | D        | Found an opulent altar of Gozag.
    44 | D        | Found a glowing golden altar of the Shining One.
    44 | D        | Found a glowing silver altar of Zin.
    44 | D        | Found a basalt altar of Yredelemnul.
    44 | D        | Found a shimmering altar of Xom.
    44 | D        | Found an ornate altar of the Wu Jian Council.
    44 | D        | Found a sacrificial altar of Ru.
    44 | D        | Found a stormy altar of Qazlal.
    44 | D        | Found an iron altar of Okawaru.
    44 | D        | Found a sparkling altar of Nemelex Xobeh.
    44 | D        | Found a burning altar of Makhleb.
    44 | D        | Found a blossoming altar of Fedhas.
    44 | D        | Found a white marble altar of Elyvilon.
    44 | D        | Found a shadowy altar of Dithmenos.
    44 | D        | Found a snail-covered altar of Cheibriados.
    48 | D        | Found a corrupted altar of Lugonu.
    48 | D        | Found a radiant altar of Vehumet.
    49 | D        | Found a broken altar of Ashenzari.
    49 | D        | Found an ancient bone altar of Kikubaaqudgha.
    49 | D        | Found a hide-covered altar of Uskayaw.
    54 | D        | Became a worshipper of Dithmenos the Shadowed
    70 | D        | Noticed a floating eye
    74 | D        | Paralysed by a floating eye for 3 turns
    80 | D        | Killed a floating eye
    81 | D        | Reached skill level 13 in Stealth
    81 | D        | Reached XP level 2. HP: 22/22 MP: 5/5
    81 | D        | Reached XP level 3. HP: 28/28 MP: 6/6
    81 | D        | Reached XP level 4. HP: 36/36 MP: 7/7
    93 | D        | Reached skill level 14 in Stealth
   255 | D        | Reached * piety under Dithmenos
   261 | D        | Noticed a bullfrog
   278 | D        | Killed a bullfrog
   278 | D        | Reached ** piety under Dithmenos
   279 | D        | Reached skill level 16 in Stealth
   279 | D        | Reached XP level 5. HP: 32/42 MP: 6/8
   375 | D        | Noticed an ogre
   377 | D        | Noticed an ice beast
   398 | D        | Killed an ice beast
   398 | D        | Reached *** piety under Dithmenos
   399 | D        | Reached skill level 17 in Stealth
   399 | D        | Reached XP level 6. HP: 49/49 MP: 9/9
   412 | D        | Reached **** piety under Dithmenos
   413 | D        | Reached skill level 18 in Stealth
   418 | D        | Reached skill level 19 in Stealth
   426 | D        | Reached skill level 20 in Stealth
   614 | D        | Learned a level 2 spell: Ensorcelled Hibernation
   632 | D        | Reached XP level 7. HP: 55/55 MP: 10/10
   633 | D        | Noticed a snapping turtle
   635 | D        | Killed a snapping turtle
   636 | D        | Reached skill level 21 in Stealth
   639 | D        | Reached ***** piety under Dithmenos
   644 | D        | Reached skill level 22 in Stealth
   650 | D        | Noticed a basilisk
   662 | D        | HP: 2/55 [wolf (1)]
   662 | D        | Slain by a scorpion

Illustrated notes

Levels and vault maps discovered:
D:        pitsprint [storerooms_1, entrance_room_1, metal_vault_3, armoury_2,
          mini_pit_1, grid_room_1, main_hall_1, silver_pit, the_coven_3,
          the_vestibule_1, steel_vault_5, golden_pit, hallway_of_sentries,
          crystal_vault_6, iron_vault_1, final_vault]

Skill      XL: |  1  2  3  4  5  6  7 |
---------------+----------------------+-----
Stealth        | 13 16 17 20 22 | 22.3
Short Blades   | |  1.0
Dodging        | |  1.5
Spellcasting   | |  2.0
Hexes          | |  3.0

Action                   |  1- 3 |  4- 6 |  7- 9 || total
-------------------------+-------+-------+-------++-------
Melee: Dagger            |     7 |    45 |     5 ||    57
 Cast: Corona            |       |    10 |       ||    10
 Abil: Spit Poison       |       |     6 |       ||     6
  Use: Potion            |       |     1 |       ||     1
       Scroll            |       |     1 |       ||     1
 Stab: Sleeping          |     1 |     4 |     5 ||    10
Armor: Robe              |       |    15 |     1 ||    16
Dodge: Dodged            |       |    41 |       ||    41

Table legend: (Time is in decaauts)
 A = Elapsed time spent in this place.
 B = Non-inter-level travel time spent in this place.
 C = Inter-level travel time spent in this place.
 D = Time resting spent in this place.
 E = Time spent auto-exploring this place.
 F = Levels seen in this place.
 G = Mean time per level.
                   A        B        C        D        E       F      G
               +--------+--------+--------+--------+--------+-----+--------+
         Total |    723 |    694 |     29 |    368 |      0 |   1 |  723.0 |
       Dungeon |    723 |    694 |     29 |    368 |      0 |   1 |  723.0 |
               +--------+--------+--------+--------+--------+-----+--------+

Top non-repeatable levels by time:
       D: 723 daAuts
